 Dungeon Crawl Stone Soup version 0.32-a0-921-g04a7ad8 (webtiles) character file.

Game seed: 18370385416801697277

21660 Dega the Spry (level 12, -1/50 HPs)
             Began as a Spriggan Hunter on Apr 12, 2024.
             Was a High Priest of Dithmenos.
             Incinerated by a deep elf pyromancer (11 damage)
             ... with a pyre arrow
             ... on level 13 of the Dungeon.
             The game lasted 00:14:25 (10036 turns).

Dega the Spry (Spriggan Hunter)                    Turns: 10036, Time: 00:14:26

Health: -1/50      AC:  6    Str:  7    XL:     12   Next: 56%
Magic:  22/22      EV: 36    Int: 11    God:    Dithmenos [*****.]
Gold:   1917       SH:  0    Dex: 25    Spells: 11/11 levels left

rFire   + . .        q - +2 arbalest (flame)
rCold   + . .        (shield currently unavailable)
rNeg    . . .        E - +0 steam dragon scales
rPois   .            (helmet restricted)
rElec   +            y - scarf of the Eagle {repulsion, rC+ MP+9 Dex+2 SInv}
rCorr   .            (gloves unavailable)
SInv    +            (boots unavailable)
Will    +++..        (no amulet)
Stlth   ++           l - ring of protection from fire
HPRegen 0.28/turn    p - ring of willpower
MPRegen 0.18/turn

%: repel missiles
@: on fire, glowing, very quick
A: very small, no large weapons, unfitting armour, see invisible, speed 3,
talons 1, frail 1, shaggy fur 1, electricity resistance
a: Renounce Religion, Shadow Step, Shadow Form


You were on level 13 of the Dungeon.
You worshipped Dithmenos.
Dithmenos was extremely pleased with you.
You visited 1 branch of the dungeon, and saw 13 of its levels.

You collected 1980 gold pieces.
You spent 63 gold pieces at shops.

Inventory:

Hand Weapons
 a - a +0 shortbow
 c - a +0 orcbow
 q - a +2 arbalest of flaming (weapon)
Missiles
 r - 3 throwing nets
Armour
 y - the scarf of the Eagle (worn) {repulsion, rC+ MP+9 Dex+2 SInv}
   (You acquired it on level 7 of the Dungeon)

   Dex+2:     It affects your dexterity (+2).
   rC+:       It protects you from cold.
   MP+9:      It affects your magic capacity (+9).
   SInv:      It lets you see invisible.
 E - +0 steam dragon scales (worn)
Jewellery
 l - a ring of protection from fire (left hand)
 p - a ring of willpower (right hand)
 G - a ring of positive energy
Talismans
 x - a beast talisman
Wands
 i - a wand of flame (30)
 n - a wand of warping (11)
 B - a wand of mindburst (22)
 H - a wand of paralysis (9)
 K - a wand of polymorph (6)
 L - a wand of quicksilver (7)
Scrolls
 b - a scroll of butterflies
 h - 2 scrolls of blinking
 j - 8 scrolls of teleportation
 m - a scroll of amnesia
 t - a scroll of enchant armour
 u - a scroll of torment
 w - a scroll of fear
 D - a scroll of immolation
 J - a scroll of silence
Potions
 d - 2 potions of enlightenment
 e - 2 potions of invisibility
 f - 2 potions of haste
 g - 3 potions of mutation
 k - 4 potions of heal wounds
 o - 2 potions of brilliance
 s - a potion of berserk rage
 v - 4 potions of curing {unknown}
 z - a potion of resistance {unknown}
 A - 2 potions of lignification {unknown}
 C - 2 potions of might {unknown}
 F - 2 potions of magic {unknown}


   Skills:
 - Level 3.0 Fighting
 + Level 14.6 Ranged Weapons
 + Level 17.7 Dodging
 - Level 6.4 Stealth
 - Level 7.0 Shapeshifting


You had 11 spell levels left.
You didn't know any spells.
Your spell library contained the following spells:

 Spells                   Type           Power      Damage    Failure   Level
 Apportation              Tloc           0%         N/A       34%         1
 Magic Dart               Conj           0%         1d3       34%         1
 Necrotise                Necr           0%         1d4       34%         1
 Slow                     Hex            0%         N/A       34%         1
 Sting                    Conj/Alch      0%         1d3       34%         1
 Summon Small Mammal      Summ           0%         N/A       34%         1
 Blink                    Tloc           0%         N/A       47%         2
 Call Imp                 Summ           0%         N/A       47%         2
 Scorch                   Fire           0%         2d5       47%         2
 Sublimation of Blood     Necr           0%         N/A       47%         2
 Confusing Touch          Hex            0%         N/A       71%         3
 Inner Flame              Hex/Fire       0%         N/A       71%         3
 Vampiric Draining        Necr           0%         2d6       71%         3
 Flame Wave               Conj/Fire      0%         2d4       98%         4
 Sticky Flame             Fire/Alch      0%         2d4       98%         4
 Summon Cactus Giant      Summ           0%         N/A       100%        6
 Summon Hydra             Summ           0%         N/A       100%        7


Dungeon Overview and Level Annotations

Branches:
Dungeon (13/15)            Temple (0/1) D:5            Lair (0/5) D:10
    Orc (0/2) D:9
 Vaults: D:13-14

Altars:
Ashenzari
Cheibriados
Dithmenos
Elyvilon
Fedhas
Hepliaklqana
Kikubaaqudgha
Makhleb
Okawaru
Wu Jian
Zin

Shops:
D:2 [   D:4 (=   D:11 :

Annotations:
D:4 2 transporters


Innate Abilities, Weirdness & Mutations

You are very small and have problems with some larger weapons.
You are too small for most types of armour.
You have supernaturally acute eyesight. (SInv)
You cover ground extremely quickly. (Speed+++)
You have sharp toenails.
You are frail. (-10% HP)
You are covered in fur. (AC +1)
You are resistant to electric shocks. (rElec)


Message History

Press: ? - help, Q - select action, (/) - cycle Shift-Dir - straight line, f - deep elf pyromancer
Aim: a deep elf pyromancer, wielding a +0 heavy hand axe and wearing a +0 leather armour (lightly wounded, umbra, 62% to hit)
You shoot a bolt. The bolt hits the deep elf pyromancer!
The bolt burns the deep elf pyromancer.
The deep elf pyromancer is heavily wounded.
Fire: q) +2 arbalest (flame)
Press: ? - help, Q - select action, (/) - cycle Shift-Dir - straight line, f/p - deep elf pyromancer
Aim: a deep elf pyromancer, wielding a +0 heavy hand axe and wearing a +0 leather armour (heavily wounded, umbra, 62% to hit)
You shoot a bolt.
The bolt misses the deep elf pyromancer.
The deep elf pyromancer casts a spell at you.
The pyre arrow hits you.
You are covered in intense liquid fire!
Fire: q) +2 arbalest (flame)
Press: ? - help, Q - select action, (/) - cycle Shift-Dir - straight line, f/p - deep elf pyromancer
Aim: a deep elf pyromancer, wielding a +0 heavy hand axe and wearing a +0 leather armour (heavily wounded, umbra, 62% to hit)
You shoot a bolt. The bolt hits the deep elf pyromancer.
The bolt burns the deep elf pyromancer.
The deep elf pyromancer is severely wounded.
The liquid fire burns you!
* * * LOW HITPOINT WARNING * * *
The sentinel's mark upon you fades away.
Fire: q) +2 arbalest (flame)
Press: ? - help, Q - select action, (/) - cycle Shift-Dir - straight line, f/p - deep elf pyromancer
Aim: a deep elf pyromancer, wielding a +0 heavy hand axe and wearing a +0 leather armour (severely wounded, umbra, 62% to hit)
You shoot a bolt.
The bolt barely misses the deep elf pyromancer.
The liquid fire burns you!
* * * LOW HITPOINT WARNING * * *
The deep elf pyromancer points at you and mumbles some strange words.
The bolt of fire misses you.
Fire: q) +2 arbalest (flame)
Press: ? - help, Q - select action, (/) - cycle Shift-Dir - straight line, f/p - deep elf pyromancer
Aim: a deep elf pyromancer, wielding a +0 heavy hand axe and wearing a +0 leather armour (heavily wounded, umbra, 62% to hit)
You shoot a bolt. The bolt hits the deep elf pyromancer!!
The bolt burns the deep elf pyromancer!
You kill the deep elf pyromancer!
Dithmenos accepts your kill. The liquid fire burns you!
You die...

# #..# ##+######
##.# .# .# .# +#
#+## >...# ###
######.....#
#.###.).@†.....#
#
#○##..####.....#
#. #.'.○## ...?#
+.###.#### ...#
#...○.# ###
###'### #.# #.#
#.#


There were no monsters in sight!

Vanquished Creatures
  4 two-headed ogres
  A boulder beetle (D:12)
  Nergalle (D:10)
  Sonja (D:12)
  Lodul (D:10)
  A deep elf pyromancer (D:13)
  2 ugly things
  A manticore (D:13)
  4 cyclopes
  An elephant (D:10)
  Joseph (D:8)
  A black mamba (shapeshifter) (D:13)
  3 komodo dragons
  2 kobold demonologists
  2 unseen horrors
  An efreet (D:13)
  Psyche (D:12)
  3 trolls (D:12)
  A hornet (D:11)
  3 wraiths
  A wyvern (D:6)
  20 yaks
  Eustachio (D:6)
  A basilisk (D:12)
  A steam dragon (D:8)
  8 vampire mosquitoes
  2 acid dragons
  2 sky beasts
  3 orc warriors
  2 black bears
  9 ogres
  7 centaurs
  3 kobold brigands
  Blork the orc (D:6)
  4 bullfrogs
  5 scorpions
  2 gnoll sergeants
  9 wights
  22 killer bees
  A howler monkey (D:5)
  4 bombardier beetles
  2 orc priests
  2 hounds
  4 iguanas
  2 sleepcaps
  7 orc wizards
  Robin (D:3)
  11 gnolls
  8 adders
  A shadow imp (D:5)
  3 white imps
  2 dart slugs (D:2)
  40 orcs
  2 endoplasms
  3 giant cockroaches
  13 goblins
  8 hobgoblins
  8 jackals
  2 quokkas
  3 training dummies (D:4)
  7 ball pythons
  3 bats
  4 frilled lizards
  24 kobolds
  3 rats (D:2)
306 creatures vanquished.

Notes
Turn   | Place    | Note
-------+----------+-------------------------------------------
     0 | D:1      | Dega the Spriggan Hunter began the quest for the Orb.
     0 | D:1      | Reached XP level 1. HP: 10/10 MP: 2/2
   103 | D:1      | Found a faded altar of an unknown god.
   293 | D:1      | Reached skill level 3 in Dodging
   293 | D:1      | Reached XP level 2. HP: 15/15 MP: 3/3
  1027 | D:2      | Found Cuziynoc's Armour Shoppe.
  1043 | D:2      | Reached XP level 3. HP: 11/18 MP: 4/4
  1563 | D:2      | Reached XP level 4. HP: 23/23 MP: 5/5
  1991 | D:3      | Noticed Robin
  2022 | D:3      | Killed Robin
  2023 | D:3      | Reached skill level 4 in Dodging
  2076 | D:3      | Reached XP level 5. HP: 27/27 MP: 6/6
  2195 | D:3      | Found an ancient bone altar of Kikubaaqudgha.
  2196 | D:3      | Found a blossoming altar of Fedhas.
  2203 | D:3      | Found a glowing silver altar of Zin.
  2209 | D:3      | Found a snail-covered altar of Cheibriados.
  2210 | D:3      | Found an iron altar of Okawaru.
  2221 | D:3      | Found a hazy altar of Hepliaklqana.
  2222 | D:3      | Found a burning altar of Makhleb.
  2311 | D:4      | Found Feto's Firing Range.
  2318 | D:4      | Reached skill level 5 in Ranged Weapons
  2319 | D:4      | Bought a +0 arbalest for 63 gold pieces
  2347 | D:4      | Found a transporter.
  2387 | D:4      | Reached XP level 6. HP: 32/32 MP: 7/7
  2402 | D:4      | Found a transporter.
  2474 | D:4      | Reached skill level 5 in Stealth
  2491 | D:4      | Found Doesk's Jewellery Boutique.
  2499 | D:4      | Found a shadowy altar of Dithmenos.
  2499 | D:4      | Found a broken altar of Ashenzari.
  2512 | D:4      | Became a worshipper of Dithmenos the Shadowed
  3034 | D:5      | Entered Level 5 of the Dungeon
  3073 | D:5      | Reached skill level 5 in Dodging
  3073 | D:5      | Reached XP level 7. HP: 15/36 MP: 8/8
  3215 | D:5      | Found a staircase to the Ecumenical Temple.
  3352 | D:5      | Reached skill level 6 in Dodging
  3682 | D:6      | Reached * piety under Dithmenos
  3708 | D:6      | Noticed Blork the orc
  3712 | D:6      | Killed Blork the orc
  3713 | D:6      | Reached skill level 7 in Dodging
  3760 | D:6      | Reached XP level 8. HP: 40/40 MP: 9/9
  3877 | D:6      | Reached skill level 1 in Shapeshifting
  4095 | D:6      | Noticed Eustachio
  4301 | D:6      | Reached skill level 8 in Dodging
  4445 | D:6      | Killed Eustachio
  4767 | D:7      | Reached skill level 9 in Dodging
  4767 | D:7      | Reached XP level 9. HP: 43/44 MP: 10/10
  4774 | D:7      | Reached skill level 5 in Shapeshifting
  4865 | D:7      | Identified a scroll of acquirement
  4865 | D:7      | Acquired the scarf of the Eagle {repulsion, rC+ MP+9 Dex+2
                  | SInv}
  5373 | D:8      | Noticed Joseph
  5377 | D:8      | Killed Joseph
  5463 | D:8      | Reached ** piety under Dithmenos
  5549 | D:8      | Reached skill level 10 in Dodging
  5735 | D:8      | Reached skill level 11 in Dodging
  5738 | D:8      | Reached XP level 10. HP: 43/49 MP: 11/11
  5924 | D:8      | Reached skill level 10 in Ranged Weapons
  6070 | D:8      | Noticed a two-headed ogre
  6072 | D:8      | Killed a two-headed ogre
  6189 | D:8      | Gained mutation: You are resistant to electric shocks.
                  | (rElec) [potion of mutation]
  6189 | D:8      | Gained mutation: You are covered in fur. (AC +1) [potion of
                  | mutation]
  6189 | D:8      | Gained mutation: You are frail. (-10% HP) [potion of
                  | mutation]
  6189 | D:8      | Gained mutation: You have sharp toenails. [potion of
                  | mutation]
  6277 | D:9      | Reached skill level 12 in Dodging
  6394 | D:9      | Reached *** piety under Dithmenos
  6404 | D:9      | Reached skill level 13 in Dodging
  6600 | D:9      | Acquired 850 gold pieces
  6608 | D:9      | Found a staircase to the Orcish Mines.
  6730 | D:9      | Found a white marble altar of Elyvilon.
  7217 | D:9      | Found an ornate altar of the Wu Jian Council.
  7359 | D:10     | Entered Level 10 of the Dungeon
  7501 | D:10     | Reached **** piety under Dithmenos
  7502 | D:10     | Reached XP level 11. HP: 46/46 MP: 12/12
  7615 | D:10     | Noticed Nergalle
  7781 | D:10     | Killed Nergalle
  7782 | D:10     | Reached skill level 14 in Dodging
  7815 | D:10     | Noticed a two-headed ogre
  7818 | D:10     | Killed a two-headed ogre
  7847 | D:10     | Found a staircase to the Lair.
  8054 | D:10     | Noticed Lodul
  8061 | D:10     | Killed Lodul
  8062 | D:10     | Reached skill level 15 in Dodging
  8390 | D:11     | Noticed a two-headed ogre
  8393 | D:11     | Killed a two-headed ogre
  8533 | D:11     | Noticed a two-headed ogre
  8536 | D:11     | Killed a two-headed ogre
  8594 | D:11     | Noticed a brown ugly thing
  8596 | D:11     | Reached skill level 16 in Dodging
  8634 | D:11     | Killed a brown ugly thing
  8795 | D:11     | Found Leho's Tiny Tomes.
  8941 | D:12     | Reached XP level 12. HP: 50/50 MP: 13/13
  8990 | D:12     | Noticed Psyche
  8994 | D:12     | Killed Psyche
  8994 | D:12     | Noticed Sonja
  9005 | D:12     | Killed Sonja
  9080 | D:12     | Noticed a boulder beetle
  9096 | D:12     | Killed a boulder beetle
  9464 | D:13     | Reached skill level 17 in Dodging
  9499 | D:13     | Reached ***** piety under Dithmenos
 10036 | D:13     | Incinerated by a deep elf pyromancer

Illustrated notes

Levels and vault maps discovered:
D:1:      sevenhm_arrival_forest_fort_large_4, layout_loops_cross,
          dreamdust_ecumenical_altar_grove
D:2:      layout_basic, serial_shops, shop
D:3:      layout_rooms, nicolae_overflow_hallway_of_the_gods, uniq_robin
D:4:      gammafunk_steamed_eel, layout_loops_ring,
          chequers_temple_overflow_statue_of_worship, serial_shops,
          nicolae_shop_gaudy_bauble, chequers_serial_rivers_micro_e,
          grunt_decor_arrowhead, nicolae_shop_firing_range
D:5:      layout_basic, minmay_temple_entry_butterflies
D:6:      layout_loops_ring, serial_aquarium, aquarium_bridge_island_large
          [aquarium_subvault_large_open, aquarium_subvault_window,
          aquarium_subvault_balcony, aquarium_subvault_bridge,
          aquarium_subvault_bridge], aquarium_bridge_square
          [aquarium_subvault_balcony, aquarium_subvault_window,
          aquarium_subvault_bridge, aquarium_subvault_bridge],
          aquarium_window_1, aquarium_window_corridor_1, aquarium_view_2c,
          aquarium_view_2b, aquarium_balcony_double_1, aquarium_pool_S,
          minmay_pentangle, uniq_eustachio, uniq_blork_the_orc
D:7:      layout_loops_cross
D:8:      layout_loops_ring, uniq_joseph
D:9:      layout_basic, lemuel_coloured_pillars_altar,
          mainiacjoe_overflow_brackets, serial_aquarium,
          aquarium_bridge_straight [aquarium_subvault_bridge,
          aquarium_subvault_wall, aquarium_subvault_bridge,
          aquarium_subvault_wall], aquarium_bridge_long_joined
          [aquarium_subvault_bridge, aquarium_subvault_wall,
          aquarium_subvault_window, aquarium_subvault_wall,
          aquarium_subvault_wall, aquarium_subvault_wall], aquarium_window_fake,
          aquarium_window_corridor_2, aquarium_window_fake, aquarium_window_1,
          aquarium_view_2e, aquarium_view_2c, aquarium_pool_1,
          chequers_serial_rivers_room_a
D:10:     layout_basic, grunt_lair_entry_orc_guard_hut,
          nicolae_concentric_dashed_squares_wild, uniq_nergalle, uniq_lodul
D:11:     layout_big_octagon, nicolae_shop_i_like_small_books_too,
          minmay_crystal_room
D:12:     layout_rooms, uniq_psyche, uniq_sonja
D:13:     layout_roguey, evilmike_butchery

Skill      XL: |  1  2  3  4  5  6  7  8  9 10 11 12 |
---------------+-------------------------------------+-----
Stealth        | 2 3 4 6 |  6.4
Dodging        | 3 4 5 7 9 11 13 16 17 | 17.7
Fighting       | 2 3 |  3.0
Ranged Weapons | 5 7 8 9 11 13 14 | 14.6
Shapeshifting  | 4 7 |  7.0

Action                     |  1- 3 |  4- 6 |  7- 9 | 10-12 || total
---------------------------+-------+-------+-------+-------++-------
   Fire: Shortbow          |    91 |    84 |       |       ||   175
         Arbalest          |       |    68 |   177 |   459 ||   704
    Use: Scroll            |     6 |     8 |     9 |     4 ||    27
         Potion            |       |       |       |     1 ||     1
 Armour: Robe              |    15 |    33 |    17 |       ||    65
         Steam dragon scal |       |       |     2 |    51 ||    53
  Dodge: Dodged            |    24 |    49 |   114 |   269 ||   456
         Repelled          |       |       |     3 |     4 ||     7
   Form: Beast             |       |       |     2 |       ||     2
                           |       |       |     2 |       ||     2

Table legend: (Time is in decaauts)
 A = Elapsed time spent in this place.
 B = Non-inter-level travel time spent in this place.
 C = Inter-level travel time spent in this place.
 D = Time resting spent in this place.
 E = Time spent auto-exploring this place.
 F = Levels seen in this place.
 G = Mean time per level.
                   A        B        C        D        E       F      G
               +--------+--------+--------+--------+--------+-----+--------+
         Total |   7356 |   7077 |    279 |      0 |   5333 |  13 |  565.8 |
       Dungeon |   7356 |   7077 |    279 |      0 |   5333 |  13 |  565.8 |
               +--------+--------+--------+--------+--------+-----+--------+

Top non-repeatable levels by time:
     D:9: 925 daAuts
    D:10: 716 daAuts
     D:7: 658 daAuts
     D:2: 650 daAuts
     D:8: 623 daAuts
     D:6: 582 daAuts
     D:1: 567 daAuts
     D:4: 558 daAuts
    D:13: 514 daAuts
     D:5: 488 daAuts
    D:12: 411 daAuts
    D:11: 360 daAuts
     D:3: 299 daAuts
